 Dungeon Crawl Stone Soup version 0.21.1-1-g345015f (webtiles) character file.

142 iopi the Skirmisher (level 5, -5/55 HPs)
             Began as an Ogre Berserker on July 31, 2018.
             Was a Believer of Trog.
             Slain by Natasha (10 damage)
             ... on level 3 of the Dungeon.
             The game lasted 00:42:14 (3998 turns).

iopi the Skirmisher (Ogre Berserker)                Turns: 3998, Time: 00:42:15

Health: -5/55      AC:  4    Str: 21    XL:     5   Next: 25%
Magic:  5/5        EV: 11    Int: 11    God:    Trog [**....]
Gold:   142        SH:  0    Dex:  9    Spells: 4/4 levels left

rFire    . . .     SeeInvis .   a - +0 hand axe
rCold    . . .     Gourm    .   (no shield)
rNeg     . . .     Faith    .   x - +0 robe
rPois    .         Spirit   .   (helmet restricted)
rElec    .         Reflect  .   q - +0 cloak
rCorr    .         Harm     .   (gloves unavailable)
MR       .....                  (boots unavailable)
Stlth    +.........             (no amulet)
HPRegen  0.18/turn              B - +3 ring of intelligence
MPRegen  0.09/turn              (no ring)

@: slowed, very slow
A: large, unfitting armour, tough skin 1
a: Berserk, Trog's Hand, Burn Spellbooks, Renounce Religion


You were on level 3 of the Dungeon.
You worshipped Trog.
Trog was pleased with you.
You were not hungry.

You visited 1 branch of the dungeon, and saw 3 of its levels.

You collected 142 gold pieces.

Inventory:

Hand Weapons
 a - a +0 hand axe (weapon)
 k - a +0 short sword of venom
 m - a +0 club
 p - a +0 hand axe
 r - a +0 whip
 s - a +0 spear
Missiles
 h - 41 arrows
 l - 55 stones (quivered)
Armour
 b - a +0 animal skin
 f - a +0 leather armour
 g - a +0 robe
 q - a +0 cloak (worn)
 u - a +0 leather armour
 x - a +0 robe (worn)
 D - a +0 ring mail
 E - a +0 pair of gloves
Jewellery
 z - a cursed ring of loudness
 B - a +3 ring of intelligence (left hand)
 C - an uncursed ring of resist corrosion {unknown}
Scrolls
 d - 2 scrolls of remove curse
 i - a scroll of fear
 n - 2 scrolls of fog {unknown}
 o - a scroll of magic mapping {unknown}
 t - a scroll of blinking {unknown}
 v - a scroll of enchant weapon {unknown}
 w - a scroll of enchant armour {unknown}
 y - a scroll of amnesia {unknown}
Potions
 e - a potion of haste {unknown}
 A - 2 potions of curing {unknown}
Comestibles
 c - a ration


   Skills:
 + Level 4.6 Fighting
 + Level 4.0 Axes
 + Level 0.9 Throwing
 * Level 0.8 Armour
 + Level 3.6 Dodging
 + Level 0.8 Stealth
 - Level 0.1 Spellcasting


You had 4 spell levels left.
You didn't know any spells.

Dungeon Overview and Level Annotations

Branches:
Dungeon (3/15)

Altars:

Annotations:
D:3 Natasha


Innate Abilities, Weirdness & Mutations

You are too large for most types of armour.
You have tough skin. (AC +1)


Message History

The crimson imp blinks!
The orc shouts!
The crimson imp blinks!
Natasha misses you. The orc hits you.
* * * LOW HITPOINT WARNING * * *
Natasha claws you.
* * * LOW HITPOINT WARNING * * *
The orc hits you.
* * * LOW HITPOINT WARNING * * *
The crimson imp barely misses you. The orc barely misses you.
Natasha claws you.
* * * LOW HITPOINT WARNING * * *
The crimson imp hits you but does no damage.
The orc hits you but does no damage.
The crimson imp blinks!
Natasha barely misses you.
Natasha mumbles some strange words.
The orc closely misses you.
The crimson imp disappears in a puff of smoke!
The crimson imp blinks!
Natasha claws you!
You die...

#.........≈≈≈≈≈§≈≈≈....#
#####.#...≈≈≈≈≈≈≈≈≈≈...##
#
#.#)≈≈≈§≈§≈≈≈≈≈≈≈...######
#.#...≈§≈§§≈≈≈≈..(#.......
#.#.....≈≈≈≈≈.....########
#.....................# #
#.........5........##.####
##.....§h.....)...........
#......o@........##.##..#
#.####..######.####.##...
#.# #...# #..####.##.#.
#.# ###... #.###......##
#)# ##........#.#### #.#
###.....#..## #(#
...##.....### #)#
..#...##....# #)######.
...... ###...


You could see Natasha, a crimson imp and an orc.

Vanquished Creatures
  Natasha (D:3)
  An orc wizard (D:3)
  An adder (D:3)
  2 oozes
  A dart slug (D:2)
  6 leopard geckos (D:1)
  4 orcs (D:3)
  3 bats
  4 giant cockroaches
  11 goblins
  6 hobgoblins
  2 jackals (D:3)
  11 kobolds
  A frilled lizard (D:2)
  6 rats
  5 bushes (D:2)
  3 plants (D:2)
68 creatures vanquished.

Vanquished Creatures (others)
  Natasha (D:3)
  An orc (D:3)
2 creatures vanquished.

Grand Total: 70 creatures vanquished

Notes
Turn   | Place    | Note
-------+----------+-------------------------------------------
     0 | D:1      | iopi the Ogre Berserker began the quest for the Orb.
     0 | D:1      | Reached XP level 1. HP: 24/24 MP: 1/1
   184 | D:1      | Reached XP level 2. HP: 24/32 MP: 2/2
   734 | D:1      | Reached XP level 3. HP: 40/40 MP: 3/3
  1058 | D:1      | Reached ** piety under Trog
  2836 | D:2      | Reached XP level 4. HP: 49/49 MP: 4/4
  3613 | D:3      | Noticed Natasha
  3622 | D:3      | Killed Natasha
  3759 | D:3      | Killed Natasha
  3866 | D:3      | Reached XP level 5. HP: 55/55 MP: 5/5
  3938 | D:3      | Noticed Natasha
  3998 | D:3      | Slain by Natasha

Skill      XL: |  1  2  3  4  5 |
---------------+----------------+-----
Dodging        | 3 |  3.6
Axes           | 4 |  4.0
Fighting       | |  4.6
Throwing       | |  0.9
Armour         | |  0.8
Stealth        | |  0.8
Spellcasting   | |  0.1

Action                   |  1- 3 |  4- 6 || total
-------------------------+-------+-------++-------
Melee: Hand axe          |   647 |   126 ||   773
Throw: Stone             |    33 |    16 ||    49
Invok: Berserk           |       |     2 ||     2
  Use: Scroll            |     3 |     3 ||     6
  Eat: Ration            |     2 |     2 ||     4
Armor: Animal skin       |    45 |       ||    45
       Robe              |       |    30 ||    30
Dodge: Dodged            |    71 |    55 ||   126
